 Dungeon Sprint DCSS version 0.17-a0-1987-gaf5a542 (webtiles) character file.

31 Kidiri the Sneak (level 3, -4/16 HPs)
             Began as a Spriggan Enchanter on Oct 6, 2015.
             Slain by a wolf (9 damage)
             ... in the Dungeon (Sprint III: "The Ten Rune Challenge").
             The game lasted 00:01:14 (429 turns).

Kidiri the Sneak (Spriggan Enchanter)                Turns: 429, Time: 00:01:14

Health: -4/16      AC:  3    Str:  4    XL:     3   Next: 7%
Magic:  1/9        EV: 20    Int: 16    God:
Gold:   27         SH:  0    Dex: 17    Spells: 4 memorised, 1 level left

rFire  . . .     SeeInvis +     a - +1 dagger
rCold  . . .     Clarity  .     b - +1 robe
rNeg   . . .     SustAt   .     (shield restricted)
rPois  .         Gourm    .     (helmet restricted)
rElec  .         Spirit   .     (no cloak)
rCorr  .         Warding  .     (gloves unavailable)
rMut   .         NoTele   +     (boots unavailable)
MR     .....                    (no amulet)
Stlth  ++++......               (no ring)
                                (no ring)

@: very slightly contaminated, very quick, not resistant to hostile
enchantments, stealthy
A: unfitting armour, see invisible, herbivore 3, speed 3, slow metabolism 2
a: no special abilities


You were in the Dungeon.
You were not hungry.

You visited 1 branch You collected 27 gold pieces.

Inventory:

Hand Weapons
 a - a +1 dagger (weapon)
Armour
 b - a +1 robe (worn)
Scrolls
 j - a scroll of blinking
Potions
 e - a potion of curing
 f - a potion of heal wounds
 g - a potion of haste
 h - 2 potions of magic
 i - a potion of berserk rage
Books
 c - a book of Maledictions

   Spells                             Type                      Level
   a - Corona                         Hexes                        1
   b - Ensorcelled Hibernation        Hexes/Ice                    2
   c - Confuse                        Hexes                        3
   d - Tukima's Dance                 Hexes                        3
   e - Dazzling Spray                 Conjuration/Hexes            3
Comestibles
 d - a bread ration


   Skills:
 * Level 3.3 Short Blades
 + Level 1.0 Armour
 * Level 4.8 Dodging
 * Level 6.3 Stealth
 * Level 4.0 Spellcasting
 + Level 0.0 Conjurations
 + Level 4.1 Hexes
 + Level 0.0 Ice Magic


You had one spell level left.
You knew the following spells:

 Your Spells              Type           Power        Failure   Level  Hunger
a - Corona                Hex            ###....      3%          1    None
b - Ensorcelled Hibernat  Hex/Ice        #.....       12%         2    ##.....
c - Confuse               Hex            ###.....     12%         3    ###....
e - Dazzling Spray        Conj/Hex       #.......     21%         3    ###....


Dungeon Overview and Level Annotations

Branches:
Dungeon (1/1)

Altars:


Innate Abilities, Weirdness & Mutations

You are tiny and cannot use many weapons and most armour.
You have supernaturally acute eyesight.
You are a herbivore.
You cover ground extremely quickly.
You need consume almost no food.


Message History

Casting: Ensorcelled Hibernation
Confirm with . or Enter, or press ? or * to list all spells.
Aiming: Ensorcelled Hibernation
Press: ? - help, Shift-Dir - straight line, f/p - wolf
Aim: a wolf (chance to defeat MR: 40%)
You miscast Ensorcelled Hibernation.
You are very lightly contaminated with residual magic.
Your hands glow momentarily.
The wolf bites you.
There is an open door here.
The wolf barely misses you.
There is an open door, spattered with blood here.
Casting: Ensorcelled Hibernation
Confirm with . or Enter, or press ? or * to list all spells.
Aiming: Ensorcelled Hibernation
Press: ? - help, Shift-Dir - straight line, f/p - wolf
Aim: a wolf (chance to defeat MR: 40%)
You miscast Ensorcelled Hibernation.
You feel a strange surge of energy! The wolf bites you!
Ouch! That really hurt!
You die...

▓▓▓▓ ▓<.# ▓..#
▓#'####
▓.....#....≈♣ ♣♣
▓.....#...≈≈.♣ .. #
▓...@.#..≈≈≈≈♣♣...+
▓####h#..≈≈≈≈≈≈♣♣.#
▓....[#.≈≈≈≈≈≈....#
▓.....#.≈≈≈≈≈.....#
▓.....#.≈≈≈.......#
▓'#####...........#
▓...p.............#
▓▓▓▓▓▓▓▓▓▓▓▓▓▓▓▓▓▓▓


You could see a wolf.

Vanquished Creatures
  Jessica (D)
  An ooze (D)
  2 rats (D)
4 creatures vanquished.

Vanquished Creatures (others)
  2 draconian scorchers (D)
  A plant (D)
3 creatures vanquished.

Grand Total: 7 creatures vanquished

Notes
Turn   | Place    | Note
--------------------------------------------------------------
     0 | D        | Kidiri the Spriggan Enchanter began the quest for the Orb.
     0 | D        | Reached XP level 1. HP: 9/9 MP: 5/5
    12 | D        | Reached skill level 5 in Stealth
   134 | D        | Noticed Jessica
   146 | D        | Killed Jessica
   146 | D        | Reached skill level 1 in Armour
   146 | D        | Reached skill level 6 in Stealth
   146 | D        | Reached XP level 2. HP: 4/13 MP: 4/7
   146 | D        | Reached XP level 3. HP: 4/16 MP: 5/9
   169 | D        | Learned a level 2 spell: Ensorcelled Hibernation
   173 | D        | Learned a level 3 spell: Confuse
   177 | D        | Learned a level 3 spell: Dazzling Spray
   186 | D        | Killed a white draconian scorcher
   199 | D        | Killed a white draconian scorcher
   402 | D        | Noticed a wolf
   429 | D        | Slain by a wolf

Vault maps used:
D:        dungeon_sprint_mu

Action                   || total
-------------------------++-------
Melee: Dagger            ||    19
 Cast: Corona            ||     1
       Ensorcelled Hiber ||     2
 Stab: Sleeping          ||     1
